 Dungeon Crawl Stone Soup version 0.18.1-48-g4cf74bf (webtiles) character file.

109 OTRawrior the Digger (level 4, -14/24 HPs)
             Began as a Gargoyle Earth Elementalist on Aug 19, 2016.
             Killed from afar by Ijyb (19 damage)
             ... with a wand of acid
             ... on level 3 of the Dungeon.
             The game lasted 00:12:14 (2592 turns).

OTRawrior the Digger (Gargoyle Earth Elementalist)  Turns: 2592, Time: 00:12:14

Health: -14/24     AC:  6    Str: 12    XL:     4   Next: 89%
Magic:  6/9        EV: 12    Int: 16    God:
Gold:   229        SH:  0    Dex: 10    Spells: 2 memorised, 6 levels left

rFire  . . .     SeeInvis .     b - 4 stones
rCold  . . .     Gourm    .     a - +0 robe
rNeg   + . .     Faith    .     (no shield)
rPois  ∞         Spirit   .     (no helmet)
rElec  +         Dismiss  .     o - +0 cloak
rCorr  .         Reflect  .     (no gloves)
SustAt .         Harm     .     (no boots)
MR     .....                    (no amulet)
Stlth  ++........               (no ring)
                                (no ring)

@: not resistant to hostile enchantments, unstealthy
A: negative energy resistance 1, electricity resistance, unbreathing,
petrification resistance, rot immunity, AC +3
a: no special abilities


You were on level 3 of the Dungeon.
You were not hungry.

You visited 1 branch of the dungeon, and saw 3 of its levels.

You collected 229 gold pieces.

Inventory:

Hand Weapons
 f - a +0 dagger
Missiles
 b - 4 stones (in hand)
Armour
 a - a +0 robe (worn)
 o - a +0 cloak (worn)
Magical Staves
 p - an uncursed staff of conjuration
Scrolls
 e - 5 scrolls of identify {unknown}
 j - a scroll of amnesia {unknown}
 k - 3 scrolls of remove curse {unknown}
 l - 2 scrolls of noise {unknown}
 m - a scroll of magic mapping {unknown}
 q - a scroll of fog {unknown}
 t - a scroll of enchant weapon {unknown}
Potions
 h - a potion of cancellation {unknown}
 i - a potion of invisibility {unknown}
 n - a potion of heal wounds {unknown}
 s - a potion of mutation {unknown}
 u - a potion of berserk rage {unknown}
Books
 c - a book of Geomancy

   Spells                             Type                      Level
   a - Sandblast                      Earth                        1
   b - Passwall                       Transmutation/Earth          2
   c - Stone Arrow                    Conjuration/Earth            3
   d - Petrify                        Transmutation/Earth          4
   e - Lee's Rapid Deconstruction     Earth                        5
Comestibles
 d - 3 bread rations
 g - 2 meat rations
 r - a chunk of flesh


   Skills:
 - Level 1.5 Dodging
 - Level 2.1 Stealth
 * Level 3.6 Spellcasting
 + Level 0.7 Conjurations
   Level 0.7 Transmutations
 + Level 4.8 Earth Magic


You had 6 spell levels left.
You knew the following spells:

 Your Spells              Type           Power        Failure   Level  Hunger
a - Sandblast             Erth           ###...       2%          1    None
b - Stone Arrow           Conj/Erth      ##....       17%         3    ###....


Dungeon Overview and Level Annotations

Branches:
Dungeon (3/15)

Altars:
Gozag

Annotations:
D:3 Ijyb


Innate Abilities, Weirdness & Mutations

You are resistant to torment.
Your stone body is resilient (AC +3).
You are immune to poison.
You resist negative energy.
You are resistant to electric shocks.
You can survive without breathing.
You are immune to petrification.
You are immune to rotting.


Message History

Confirm with . or Enter, or press ? or * to list all spells.
Aiming: Sandblast
Press: ? - help, Shift-Dir - straight line, f/p - Ijyb
Aim: Ijyb, wielding a dagger The rocky blast hits Ijyb.
Ijyb is lightly wounded.
Ijyb zaps a wand.
The bolt of acid hits you!
The acid burns!
Ouch! That really hurt!
* * * LOW HITPOINT WARNING * * *
It is a wand of acid.
Casting: Sandblast
Confirm with . or Enter, or press ? or * to list all spells.
Aiming: Sandblast
Press: ? - help, Shift-Dir - straight line, f/p - Ijyb
Aim: Ijyb, wielding a dagger and carrying a wand of acid {zapped: 1} (lightly wounded)
The rocky blast hits Ijyb.
Ijyb is heavily wounded.
Ijyb zaps a wand.
The bolt of acid hits you!
Ouch! That really hurt!
You die...

........>......#
...............#
.....#........##
..............##
#.###......>..)#
..##...........#
..##...........###
.................#
..###..........#@#
.# ##.(.....###g#
.# ##......# w..
.#############.#.##
........ #.._.
..#...... # #.#
......... ...
......... #.#
.........


You could see Ijyb and a worm.

Vanquished Creatures
  3 adders
  An ooze (D:3)
  A worm (D:2)
  A dart slug (D:1)
  4 giant geckos (D:2)
  3 orcs (D:3)
  4 ball pythons
  A giant cockroach (D:1)
  11 goblins
  6 hobgoblins
  4 jackals (D:1)
  3 quokkas
  6 bats
  5 giant newts
  3 kobolds (D:3)
  5 rats
61 creatures vanquished.

Notes
Turn   | Place    | Note
--------------------------------------------------------------
     0 | D:1      | OTRawrior the Gargoyle Earth Elementalist began the quest for the Orb.
     0 | D:1      | Reached XP level 1. HP: 10/10 MP: 3/3
   304 | D:1      | Reached XP level 2. HP: 13/15 MP: 5/5
   347 | D:1      | Reached skill level 4 in Earth Magic
  1122 | D:1      | Reached XP level 3. HP: 19/19 MP: 5/7
  1146 | D:1      | Learned a level 3 spell: Stone Arrow
  1760 | D:2      | Reached XP level 4. HP: 21/24 MP: 1/8
  2588 | D:3      | Found an opulent altar of Gozag.
  2589 | D:3      | Noticed Ijyb
  2592 | D:3      | Killed from afar by Ijyb

Skill      XL: |  1  2  3 |
---------------+----------+-----
Earth Magic    | 4 |  4.8
Spellcasting   | 3 |  3.6
Dodging        | |  1.5
Stealth        | |  2.1
Conjurations   | |  0.7
Transmutations | |  0.7

Action                   |  1- 3 |  4- 6 || total
-------------------------+-------+-------++-------
Melee: Unarmed           |    21 |       ||    21
       Dagger            |       |     3 ||     3
 Cast: Sandblast         |    54 |    41 ||    95
  Eat: Chunk             |     3 |     2 ||     5
Armor: Robe              |    18 |     4 ||    22
Dodge: Dodged            |    23 |     8 ||    31
